 Dungeon Crawl Stone Soup version 0.18-a0-1560-ge216ca8 (webtiles) character file.

120 mrath the Shooter (level 4, -3/35 HPs)
             Began as a Centaur Arcane Marksman on Mar 12, 2016.
             Killed from afar by Terence (6 damage)
             ... with a wand of flame
             ... on level 2 of the Dungeon.
             The game lasted 00:14:09 (2603 turns).

mrath the Shooter (Centaur Arcane Marksman)         Turns: 2603, Time: 00:14:09

Health: -3/35      AC:  5    Str: 14    XL:     4   Next: 75%
Magic:  7/7        EV:  9    Int: 12    God:
Gold:   40         SH:  0    Dex:  9    Spells: 1 memorised, 6 levels left

rFire  . . .     SeeInvis .     a - +0 shortbow
rCold  . . .     Gourm    .     b - +0 robe
rNeg   . . .     Faith    .     (shield currently unavailable)
rPois  .         Spirit   .     (no helmet)
rElec  .         Dismiss  .     g - +0 cloak
rCorr  .         Reflect  .     (no gloves)
SustAt .         Harm     .     (no barding)
MR     .....                    (no amulet)
Stlth  +.........               (no ring)
                                (no ring)

@: very quick, not resistant to hostile enchantments, very unstealthy
A: hooves 3, deformed body, speed 2, tough skin 3
a: no special abilities


You were on level 2 of the Dungeon.
You were not hungry.

You visited 1 branch of the dungeon, and saw 2 of its levels.

You collected 40 gold pieces.

Inventory:

Hand Weapons
 a - a +0 shortbow (weapon)
 l - a +1 short sword of protection
 q - a +0 flail
 u - a +0 spear
Missiles
 d - 14 arrows (quivered)
 e - 8 tomahawks
 j - 105 stones
 t - 5 javelins
Armour
 b - a +0 robe (worn)
 g - a +0 cloak (worn)
 p - a +0 scale mail
Scrolls
 i - a scroll of immolation {unknown}
 m - a scroll of enchant armour {unknown}
 n - 2 scrolls of remove curse {unknown}
 r - a scroll of identify {unknown}
 v - a scroll of recharging {unknown}
Potions
 k - a potion of invisibility {unknown}
 s - a potion of lignification {unknown}
 w - a potion of degeneration {unknown}
Books
 c - a book of Debilitation

   Spells                             Type                      Level
   a - Corona                         Hexes                        1
   b - Slow                           Hexes                        2
   c - Gell's Gravitas                Hexes/Translocation          3
   d - Inner Flame                    Hexes/Fire                   3
   e - Cause Fear                     Hexes                        4
   f - Leda's Liquefaction            Hexes/Earth                  4
Comestibles
 f - 2 bread rations
 h - 4 meat rations
 o - 2 chunks of flesh


   Skills:
 - Level 1.0 Fighting
 + Level 4.3 Bows
 - Level 1.3 Dodging
 + Level 2.3 Spellcasting
 + Level 3.4 Hexes


You had 6 spell levels left.
You knew the following spells:

 Your Spells              Type           Power        Failure   Level  Hunger
a - Corona                Hex            #......      8%          1    ##.....


Dungeon Overview and Level Annotations

Branches:
Dungeon (2/15)

Altars:
Elyvilon
Fedhas
Xom

Annotations:
D:2 Terence


Innate Abilities, Weirdness & Mutations

You have hooves in place of feet.
Armour fits poorly on your strangely shaped body.
You cover ground very quickly.
You have extremely tough skin (AC +3).


Message History

You shoot an arrow.
The arrow hits Terence but does no damage.
Terence zaps a wand.
The puff of flame hits you!
It is a wand of flame.
Firing (i - inventory. (,) - cycle):
d - 17 arrows (quivered)
Press: ? - help, Shift-Dir - straight line, f/p - Terence
Aim: Terence, wielding a short sword, wearing a ring mail and carrying a wand of flame {zapped: 1} (softly glowing)
You shoot an arrow. The arrow barely misses Terence.
Terence zaps a wand.
The puff of flame hits you!
Firing (i - inventory. (,) - cycle):
d - 16 arrows (quivered)
Press: ? - help, Shift-Dir - straight line, f/p - Terence
Aim: Terence, wielding a short sword, wearing a ring mail and carrying a wand of flame {zapped: 2} (softly glowing)
You shoot an arrow. The arrow barely misses Terence.
Terence stops glowing.
Firing (i - inventory. (,) - cycle):
d - 15 arrows (quivered)
Press: ? - help, Shift-Dir - straight line, f/p - Terence
Aim: Terence, wielding a short sword, wearing a ring mail and carrying a wand of flame {zapped: 2} You shoot an arrow.
The arrow closely misses Terence.
Terence zaps a wand.
The puff of flame hits you!
* * * LOW HITPOINT WARNING * * *
Terence zaps a wand.
The puff of flame hits you!
You die...

######## ##...@..#
###..@###.#######
#≈≈...≈≈#.......#
##≈.@♣[.≈####@...##
####.........###.....# ########
......♣._.♣...##.....# #.......
...#..............##.#####.......
...(#≈..♣..≈#.....##.....'.......
#..##≈≈...≈≈#.....##.###.#...<...
.(..###...###.#.### #.#.......
####.##.......#.########)#######.
.##....................).....


You could see Terence.

Vanquished Creatures
  3 gnolls
  4 adders (D:2)
  An ooze (D:2)
  3 worms
  3 dart slugs
  A giant gecko (D:1)
  8 goblins
  5 hobgoblins
  A ball python (D:1)
  4 bats
  A giant newt (D:1)
  4 kobolds
  3 rats
41 creatures vanquished.

Vanquished Creatures (others)
  2 quokkas (D:2)
2 creatures vanquished.

Grand Total: 43 creatures vanquished

Notes
Turn   | Place    | Note
--------------------------------------------------------------
     0 | D:1      | mrath the Centaur Arcane Marksman began the quest for the Orb.
     0 | D:1      | Reached XP level 1. HP: 16/16 MP: 2/2
   356 | D:1      | Reached skill level 3 in Bows
   494 | D:2      | Reached XP level 2. HP: 23/23 MP: 3/3
   994 | D:2      | Reached XP level 3. HP: 15/28 MP: 5/5
  1677 | D:2      | Reached XP level 4. HP: 10/35 MP: 4/7
  1980 | D:2      | Found a blossoming altar of Fedhas.
  2047 | D:2      | Reached skill level 4 in Bows
  2186 | D:2      | Found a shimmering altar of Xom.
  2528 | D:2      | Found a white marble altar of Elyvilon.
  2578 | D:2      | Noticed Terence
  2603 | D:2      | Killed from afar by Terence

Vault maps used:
D:1:      lightli_arrival_lavapool
D:2:      nicolae_overflow_crystal_walls, tgw_xom, elyvilon_altar_4,
          uniq_terence

Skill      XL: |  1  2  3  4 |
---------------+-------------+-----
Bows           | 3 4 |  4.3
Hexes          | 3 |  3.4
Spellcasting   | 2 |  2.3
Fighting       | |  1.0
Dodging        | |  1.3

Action                   |  1- 3 |  4- 6 || total
-------------------------+-------+-------++-------
Melee: Short sword       |    53 |    55 ||   108
       Flail             |    14 |    12 ||    26
 Fire: Shortbow          |    42 |    17 ||    59
Throw: Tomahawk          |     1 |       ||     1
 Cast: Corona            |     8 |     4 ||    12
  Eat: Chunk             |     2 |     3 ||     5
